 Dungeon Crawl Stone Soup version 0.28-a0-706-gf6f64a616a (webtiles) character file.

Game seed: 5385809708356426568

408 funkygono the Firebug (level 6, -5/34 HPs)
             Began as a Gargoyle Fire Elementalist on Oct 24, 2021.
             Was an Initiate of Vehumet.
             Slain by a troll (6 damage)
             ... on level 5 of the Dungeon.
             The game lasted 00:07:38 (4670 turns).

funkygono the Firebug (Gargoyle Fire Elementalist)  Turns: 4670, Time: 00:07:39

Health: -5/34      AC:  9    Str: 12    XL:     6   Next: 88%
Magic:  1/12       EV: 12    Int: 23    God:    Vehumet [......]
Gold:   126        SH:  0    Dex: 13    Spells: 3/13 levels left

rFire   . . .      SeeInvis .   l - +0 mace
rCold   . . .      Faith    .   (no shield)
rNeg    + . .      Spirit   .   a - +0 robe
rPois   ∞          Reflect  .   (no helmet)
rElec   +          Harm     .   q - +1 cloak
rCorr   .          Rampage  .   c - +0 pair of gloves {Dex+3}
Will    .....                   (no boots)
Stlth   ++........              (no amulet)
HPRegen 0.11/turn               m - +6 ring of intelligence
MPRegen 0.13/turn               n - ring of wizardry

@: no status effects
A: sickness immunity, AC +4, negative energy resistance 1, electricity
resistance, torment resistance 1, petrification resistance
a: Renounce Religion


You were on level 5 of the Dungeon.
You worshipped Vehumet.
Vehumet was noncommittal.
You visited 1 branch of the dungeon, and saw 4 of its levels.
You also visited: Sewer.

You collected 126 gold pieces.

Inventory:

Hand Weapons
 l - a +0 mace (weapon)
 p - a +2 quarterstaff of chaos
Missiles
 h - 100 stones
Armour
 a - a +0 robe (worn)
 c - a +0 pair of gloves of dexterity (worn)
 q - a +1 cloak (worn)
 v - the +1 ring mail "Ixetie" {rN+ Regen+}
   (You found it on level 5 of the Dungeon)

   rN:        It protects you from negative energy.
   Regen:     It increases your rate of health regeneration.
Magical Staves
 j - a staff of cold
Jewellery
 m - a +6 ring of intelligence (left hand)
 n - a ring of wizardry (right hand)
Scrolls
 r - a scroll of identify
 s - a scroll of teleportation
 t - a scroll of fear {unknown}
Potions
 b - 3 potions of curing
 d - a potion of heal wounds {unknown}
 e - a potion of haste {unknown}
 f - a potion of lignification {unknown}
 g - a potion of brilliance {unknown}
 i - a potion of might {unknown}
 k - 2 potions of resistance
 o - a potion of cancellation {unknown}
 u - a potion of attraction {unknown}


   Skills:
 + Level 1.2 Fighting
 + Level 0.5 Maces & Flails
 + Level 1.7 Dodging
 - Level 2.1 Stealth
 * Level 4.0 Spellcasting
 * Level 3.9 Conjurations
 * Level 4.8 Fire Magic


You had 3 spell levels left.
You knew the following spells:

 Your Spells              Type           Power      Damage    Failure   Level
a - Foxfire               Conj/Fire      96%        2x1d8     1%          1
b - Scorch                Fire           54%        2d7       1%          2
c - Conjure Flame         Conj/Fire      24%        6-21      1%          3
d - Flame Wave            Conj/Fire      24%        3d6       7%          4

Your spell library contained the following spells:

 Spells                   Type           Power      Damage    Failure   Level
 Animate Skeleton         Necr           8%         N/A       4%          1
 Apportation              Tloc           8%         N/A       4%          1
 Summon Small Mammal      Summ           16%        N/A       4%          1
 Inner Flame              Hex/Fire       15%        N/A       4%          3
 Alistair's Intoxication  Tmut/Pois      2%         N/A       71%         5
 Invisibility             Hex            2%         N/A       99%         6


Dungeon Overview and Level Annotations

Branches:
Dungeon (3/15)              Sewer (visited)

Altars:
Cheibriados
Dithmenos
Fedhas
Kikubaaqudgha
Makhleb
Sif Muna
Vehumet
Xom

Annotations:
D:2 Terence
D:5 Eustachio, Menkaure, Sigmund


Innate Abilities, Weirdness & Mutations

You are immune to sickness and miasma.
Your stone body is resilient. (AC +4)
You are immune to poison.
You resist negative energy. (rN+)
You are resistant to electric shocks. (rElec)
You are resistant to unholy torment.
You are immune to petrification.


Message History

Confirm with . or Enter, or press ? or * to list all spells.
Flames lash the troll.
The troll is moderately wounded.
The troll's fire resistance burns away.
The foxfire hits the troll but does no damage.
The troll is moderately wounded.
The foxfire hits the troll!
The troll is burned terribly!
The troll is heavily wounded.
The troll barely misses you. The troll claws you but does no damage.
The troll closely misses you.
You hit the troll but do no damage.
The troll is heavily wounded.
The troll bites you. The troll claws you. The troll closely misses you.
Casting: Scorch (safe; 1% risk of failure)
Confirm with . or Enter, or press ? or * to list all spells.
You don't have enough magic to cast this spell.
Unknown command.
The troll is no longer more vulnerable to fire.
The troll bites you but does no damage. The troll claws you.
The troll barely misses you.
Casting: Scorch (safe; 1% risk of failure)
Confirm with . or Enter, or press ? or * to list all spells.
You don't have enough magic to cast this spell.
Unknown command.
You hit the troll.
The troll is heavily wounded.
The troll bites you but does no damage. The troll claws you but does no damage.
The troll barely misses you.
You closely miss the troll.
The troll is heavily wounded.
The troll bites you but does no damage. The troll claws you.
The troll barely misses you.
You barely miss the troll.
The troll is moderately wounded.
The troll bites you. The troll closely misses you. The troll claws you!
* * * LOW HITPOINT WARNING * * *
The troll bites you.
* * * LOW HITPOINT WARNING * * *
The troll misses you. The troll claws you.
You die...

##################
.................#
...........#####.#
.#####.......# #@#
.# #.###.#.###T###
.# #.# #>#.#.....#
.# #.#
#.#.#.....######..
## #.#
#.#..............<
..#
#.###.....###.##.#
M# ..........#
#####. ######.##.#
...... #.# .#


You could see a troll.

Vanquished Creatures
  A water moccasin (Sewer)
  A black bear (D:5)
  A water moccasin skeleton (D:5)
  A bullfrog zombie (D:5)
  Crazy Yiuf (D:2)
  2 adders (D:2)
  2 dart slugs
  3 orcs (D:3)
  6 bats
  4 endoplasms
  5 giant cockroaches
  4 goblins
  5 hobgoblins
  14 jackals
  13 kobolds
  3 quokkas
  3 ball pythons (D:1)
  4 frilled lizards
  4 rats
77 creatures vanquished.

Vanquished Creatures (others)
  237 foxfires
237 creatures vanquished.

Grand Total: 314 creatures vanquished

Notes
Turn   | Place    | Note
-------+----------+-------------------------------------------
     0 | D:1      | funkygono the Gargoyle Fire Elementalist began the quest
                  | for the Orb.
     0 | D:1      | Reached XP level 1. HP: 10/10 MP: 3/3
   556 | D:1      | Found a faded altar of an unknown god.
   571 | D:1      | Reached XP level 2. HP: 15/15 MP: 0/5
   641 | D:1      | Learned a level 2 spell: Scorch
  1506 | D:2      | Reached XP level 3. HP: 19/19 MP: 2/6
  1549 | D:2      | Learned a level 3 spell: Conjure Flame
  2358 | D:2      | Reached skill level 1 in Fighting
  2358 | D:2      | Reached XP level 4. HP: 25/25 MP: 3/7
  2459 | D:2      | Noticed Terence
  2683 | D:2      | Found a runed translucent door.
  2684 | D:2      | Noticed Crazy Yiuf
  2800 | D:2      | Killed Crazy Yiuf
  3067 | D:2      | Identified a scroll of acquirement
  3067 | D:2      | Acquired a +0 pair of gloves of dexterity
  3184 | D:3      | Found a glowing drain.
  3268 | Sewer    | Entered a sewer
  3402 | Sewer    | Noticed a water moccasin
  3410 | Sewer    | Killed a water moccasin
  3411 | Sewer    | Reached XP level 5. HP: 29/29 MP: 2/9
  3416 | Sewer    | Learned a level 4 spell: Flame Wave
  3908 | D:3      | Reached XP level 6. HP: 34/34 MP: 6/10
  3979 | D:3      | Found a shimmering altar of Xom.
  3981 | D:3      | Found a shimmering altar of Xom.
  3981 | D:3      | Found a shimmering altar of Xom.
  3981 | D:3      | Found a shimmering altar of Xom.
  3981 | D:3      | Found a shimmering altar of Xom.
  3982 | D:3      | Found a shimmering altar of Xom.
  4356 | D:3      | You fall into a shaft and drop 2 floors!
  4356 | D:5      | Entered Level 5 of the Dungeon
  4356 | D:5      | Noticed a black bear
  4360 | D:5      | Killed a black bear
  4469 | D:5      | Found a snail-covered altar of Cheibriados.
  4470 | D:5      | Identified the +1 ring mail "Ixetie" {rN+ Regen+}
  4472 | D:5      | Found a radiant altar of Vehumet.
  4474 | D:5      | Found a blossoming altar of Fedhas.
  4474 | D:5      | Found an ancient bone altar of Kikubaaqudgha.
  4475 | D:5      | Found a shadowy altar of Dithmenos.
  4475 | D:5      | Found a shimmering blue altar of Sif Muna.
  4475 | D:5      | Found a burning altar of Makhleb.
  4496 | D:5      | Became a worshipper of Vehumet
  4510 | D:5      | Noticed Sigmund
  4610 | D:5      | Noticed Eustachio
  4632 | D:5      | Noticed Menkaure
  4648 | D:5      | Noticed a troll
  4670 | D:5      | HP: 1/34 [troll (4)]
  4670 | D:5      | Slain by a troll

Illustrated notes

Levels and vault maps discovered:
D:1:      mrwooster_arrival_statue_2, layout_loops_corners,
          hellmonk_ecumenical_altar_blasted, chequers_mini_garden
D:2:      layout_basic, uniq_crazy_yiuf_cottage, uniq_terence
D:3:      layout_rooms, xom_redecorated, gup_sewer_entry_bowl,
          dk_noncrumbling_2, grunt_decor_arrowhead, kennysheep_generic_room_11
D:5:      layout_loops_ring, grunt_temple_overflow_open,
          minmay_temple_entry_glass, uniq_menkaure, uniq_pikel, uniq_eustachio,
          uniq_sigmund

Skill      XL: |  1  2  3  4  5  6 |
---------------+-------------------+-----
Conjurations   | 2 3 |  3.9
Fighting       | 1 |  1.2
Fire Magic     | 4 |  4.8
Spellcasting   | 3 4 |  4.0
Maces & Flails | |  0.5
Dodging        | |  1.7
Stealth        | |  2.1

Action                   |  1- 3 |  4- 6 || total
-------------------------+-------+-------++-------
Melee: Unarmed           |     9 |       ||     9
       Club              |     7 |       ||     7
       Mace              |     4 |    10 ||    14
 Cast: Foxfire           |    62 |    81 ||   143
       Scorch            |     4 |     4 ||     8
  Use: Scroll            |       |     6 ||     6
Armor: Robe              |    16 |     8 ||    24
Dodge: Dodged            |    15 |    18 ||    33

Table legend: (Time is in decaauts)
 A = Elapsed time spent in this place.
 B = Non-inter-level travel time spent in this place.
 C = Inter-level travel time spent in this place.
 D = Time resting spent in this place.
 E = Time spent auto-exploring this place.
 F = Levels seen in this place.
 G = Mean time per level.
                   A        B        C        D        E       F      G
               +--------+--------+--------+--------+--------+-----+--------+
         Total |   4675 |   4643 |     32 |    343 |   3341 |   5 |  935.0 |
       Dungeon |   4417 |   4385 |     32 |    281 |   3221 |   4 | 1104.2 |
         Sewer |    257 |    257 |      0 |     62 |    120 |   1 |  257.0 |
               +--------+--------+--------+--------+--------+-----+--------+

Top non-repeatable levels by time:
     D:1: 1616 daAuts
     D:2: 1457 daAuts
     D:3: 1029 daAuts
     D:5: 314 daAuts
   Sewer: 257 daAuts
